 Dungeon Crawl Stone Soup version 0.18-a0-1426-g3b9a63c (webtiles) character file.

100 Amnesiac the Insei (level 4, 0/29 HPs)
             Began as an Octopode Transmuter on Feb 28, 2016.
             Slain by an orc wizard
             ... wielding a +1 dagger of flaming
              (1 damage)
             ... on level 4 of the Dungeon.
             The game lasted 00:02:56 (1471 turns).

Amnesiac the Insei (Octopode Transmuter)            Turns: 1471, Time: 00:02:57

Health: 0/29       AC:  1    Str:  9    XL:     4   Next: 73%
Magic:  3/7        EV: 13    Int: 15    God:
Gold:   56         SH:  0    Dex: 13    Spells: 2 memorised, 3 levels left

rFire  . . .     SeeInvis .       - Unarmed
rCold  . . .     Gourm    .     (no shield)
rNeg   + . .     Faith    .     (helmet restricted)
rPois  .         Spirit   .     (no amulet)
rElec  .         Dismiss  .     q - ring of positive energy
rCorr  .         Reflect  .     (no ring)
SustAt .         Harm     .     (no ring)
MR     .....                    (no ring)
Stlth  ++........               (no ring)
                                (no ring)
                                (no ring)
                                (no ring)

@: very slightly contaminated, not resistant to hostile enchantments, unstealthy
A: almost no armour, amphibious, 8 rings, constrict 8, camouflage 1, gelatinous
body 1
a: no special abilities


You were on level 4 of the Dungeon.
You were hungry.

You visited 1 branch of the dungeon, and saw 4 of its levels.

You collected 56 gold pieces.

Inventory:

Missiles
 a - 12 arrows
 m - 3 javelins (quivered)
Jewellery
 q - a ring of positive energy (left tentacle)
Scrolls
 d - a scroll of immolation {unknown}
 e - 4 scrolls of identify {unknown}
 f - 4 scrolls of fear {unknown}
 h - 2 scrolls of remove curse {unknown}
 j - a scroll of recharging {unknown}
 n - a scroll of teleportation {unknown}
 p - a scroll of enchant armour {unknown}
Potions
 i - 2 potions of curing
 o - a potion of heal wounds {unknown}
 r - 2 potions of mutation {unknown}
Books
 b - a book of Changes

   Spells                             Type                      Level
   a - Beastly Appendage              Transmutation                1
   b - Sticks to Snakes               Transmutation                2
   c - Spider Form                    Transmutation/Poison         3
   d - Ice Form                       Ice/Transmutation            4
   e - Blade Hands                    Transmutation                5
Comestibles
 c - 3 bread rations
 g - 2 fruits
 l - a beef jerky


   Skills:
 + Level 2.1 Fighting
 + Level 2.8 Dodging
 * Level 3.8 Unarmed Combat
 - Level 2.0 Spellcasting
 - Level 3.0 Transmutations


You had 3 spell levels left.
You knew the following spells:

 Your Spells              Type           Power        Failure   Level  Hunger
e - Spider Form           Trmt/Pois      #.........   34%         3    ###....
z - Beastly Appendage     Trmt           ##....       8%          1    #......


Dungeon Overview and Level Annotations

Branches:
Dungeon (4/15)
 Temple: D:4-7

Altars:
Fedhas

Annotations:
D:4 Duvessa, Sigmund


Innate Abilities, Weirdness & Mutations

You cannot wear most types of armour.
You are amphibious.
You can wear up to eight rings at the same time.
You can use your tentacles to constrict eight enemies at once.
Your skin changes colour to match your surroundings (Stealth).
Your rubbery body absorbs attacks (AC +1).


Message History

The giant cockroach closely misses you. The giant cockroach bites you.
* * * LOW HITPOINT WARNING * * *
The kobold throws a stone.
The stone misses you.
The giant cockroach bites you but does no damage.
You see here a stone.
Drink which item? (? for menu, Esc to quit)
It was a potion of curing.
You feel better. The giant cockroach misses you.
Duvessa, Sister of Dowan comes into view.
She is wielding a short sword.
Duvessa shouts!
The orc wizard shouts!
You hear a shout!
The giant cockroach waves its antennae.
The giant cockroach barely misses you. Duvessa closely misses you.
You hear a bark!
The orc priest calls down the wrath of Beogh upon you.
Beogh smites you!
* * * LOW HITPOINT WARNING * * *
The orc wizard hits you with a dagger of flaming.
* * * LOW HITPOINT WARNING * * *
The orc wizard burns you.
You die...

.#...###..........#
##....o ..K###
############
##...... ..## .
#....... .##
....#.oo.. ..####
......Z<..
...).#####
.######....
####.K...#### ..
...##. ###......#
####.#.# #### o
#...##(####@.....#
#......g..so#...o#
#...##...geZo....o.
#...#..####......#o
#...#...# ..##.###
..>.##.#.#..## .#
.....##.#<..# #
#........#.....#
#.....##.....#....


You could see Duvessa, an orc priest, an orc wizard, 3 orcs, a giant cockroach,
2 hobgoblins and a hound skeleton.

Vanquished Creatures
  A howler monkey (D:4)
  An adder (D:3)
  A worm (D:4)
  A giant gecko (D:3)
  An orc (D:4)
  7 bats
  A bat skeleton (D:2)
  5 giant cockroaches
  4 goblins
  4 hobgoblins
  6 jackals (D:1)
  A quokka (D:2)
  A giant cockroach zombie (D:2)
  4 giant newts
  3 kobolds
  3 rats
44 creatures vanquished.

Notes
Turn   | Place    | Note
--------------------------------------------------------------
     0 | D:1      | Amnesiac the Octopode Transmuter began the quest for the Orb.
     0 | D:1      | Reached XP level 1. HP: 13/13 MP: 3/3
    69 | D:1      | Reached XP level 2. HP: 16/18 MP: 3/5
   801 | D:1      | Reached XP level 3. HP: 23/23 MP: 4/6
   817 | D:1      | Learned a level 3 spell: Spider Form
  1002 | D:2      | Found a blossoming altar of Fedhas.
  1173 | D:4      | Noticed Sigmund
  1205 | D:4      | Reached XP level 4. HP: 9/29 MP: 0/7
  1469 | D:4      | Noticed Duvessa
  1471 | D:4      | HP: 1/29 [orc wizard/dagger of flaming (1)]
  1471 | D:4      | Slain by an orc wizard

Vault maps used:
D:1:      saegor_arrival_simple_f, minmay_misc_feat_alley, serial_bayou_lake_a
D:2:      serial_undead, serial_undead_e, serial_undead_a, serial_undead_c,
          serial_undead_a, serial_undead_c, glass_columns_b,
          kennysheep_cross_room, fedhas_altar_3
D:3:      first_bread, hex_medium
D:4:      grunt_temple_overflow_open, serial_shops, kennysheep_mini_moat,
          uniq_duvessa, uniq_sigmund

Skill      XL: |  1  2  3 |
---------------+----------+-----
Transmutations | 3 |  3.0
Fighting       | 2 |  2.1
Dodging        | |  2.8
Unarmed Combat | |  3.8
Spellcasting   | |  2.0

Action                   |  1- 3 |  4- 6 || total
-------------------------+-------+-------++-------
Melee: Unarmed           |    89 |    13 ||   102
 Cast: Beastly Appendage |    11 |       ||    11
       Spider Form       |     2 |     1 ||     3
  Use: Potion            |       |     1 ||     1
 Stab: Sleeping          |     6 |       ||     6
  Eat: Chunk             |     1 |     1 ||     2
